 Dungeon Crawl Stone Soup version 0.29-a0-529-gfa20dd96a1 (webtiles) character file.

Game seed: 3943993001091804619

214 fingers the Cudgeller (level 5, -1/46 HPs)
             Began as a Draconian Berserker on June 1, 2022.
             Was a Follower of Trog.
             Slain by a wight
             ... wielding a +0 halberd
              (5 damage)
             ... on level 4 of the Dungeon.
             The game lasted 00:12:10 (5046 turns).

fingers the Cudgeller (Draconian Berserker)         Turns: 5046, Time: 00:12:11

Health: -1/46      AC:  5    Str: 21    XL:     5   Next: 59%
Magic:  0/5        EV: 12    Int:  8    God:    Trog [*.....]
Gold:   240        SH:  0    Dex: 10    Spells: 4/4 levels left

rFire   . . .      SeeInvis .   x - +0 morningstar (freeze)
rCold   . . .      Faith    .   (no shield)
rNeg    . . .      Spirit   +   (body armour unavailable)
rPois   +          Reflect  .   (helmet restricted)
rElec   .          Harm     .   (no cloak)
rCorr   .          Rampage  .   (no gloves)
Will    .....                   (no boots)
Stlth   +.........              d - amulet of guardian spirit
HPRegen 0.15/turn               e - ring of poison resistance
MPRegen 0.09/turn               (no ring)

@: no status effects
A: AC +5, unfitting armour, cold-blooded
a: Renounce Religion, Berserk


You were on level 4 of the Dungeon.
You worshipped Trog.
Trog was aware of your devotion.
You visited 1 branch of the dungeon, and saw 4 of its levels.

You collected 240 gold pieces.

Inventory:

Hand Weapons
 a - a +0 mace
 x - a +0 morningstar of freezing (weapon)
Missiles
 y - 6 atropa-tipped darts
Jewellery
 c - a ring of protection from fire
 d - an amulet of guardian spirit (around neck)
 e - a ring of poison resistance (left hand)
 o - a +4 ring of evasion
Wands
 s - a wand of acid (6)
 w - a wand of charming (5)
Scrolls
 g - 2 scrolls of immolation {unknown}
 h - 4 scrolls of blinking {unknown}
 l - 4 scrolls of identify {unknown}
 m - a scroll of teleportation {unknown}
 p - a scroll of vulnerability {unknown}
 r - a scroll of poison {unknown}
Potions
 b - a potion of curing {unknown}
 f - 6 potions of haste {unknown}
 i - a potion of might {unknown}
 k - 2 potions of degeneration {unknown}
 n - 3 potions of flight {unknown}
 q - a potion of brilliance {unknown}
 t - a potion of mutation {unknown}
 u - 2 potions of cancellation {unknown}
 v - a potion of lignification {unknown}


   Skills:
 + Level 4.2 Fighting
 + Level 4.7 Maces & Flails
 + Level 3.8 Dodging
 + Level 1.3 Stealth


You had 4 spell levels left.
You didn't know any spells.
Your spell library was empty.

Dungeon Overview and Level Annotations

Branches:
Dungeon (4/15)
 Temple: D:4-7

Altars:
Fedhas
Trog
Vehumet
Beogh


Innate Abilities, Weirdness & Mutations

Your plain brown scales are hard. (AC +5)
You cannot fit into any form of body armour.
You are cold-blooded and may be slowed by cold attacks.


Message History

A goblin and a wight come into view.
The goblin shouts!
The endoplasm hits you.
You puncture the endoplasm! You freeze the endoplasm.
You kill the endoplasm!
Trog accepts your kill.
The wight hits you from afar with a +0 halberd!
The gnoll hits you with a +0 flail.
Read: scroll of fear
Press: ? - help, Q - select action, (/) - cycle Dir - look around, f - activate Look: a gnoll, wielding a +0 whip (chance to affect: 98%)
As you read the scroll of fear, it crumbles to dust.
You assume a fearsome visage.
The goblin looks frightened!
The gnoll looks frightened! x4
The wight is unaffected.
The wight is unaffected. x3
The wight misses you.
The wight hits you from afar with a +0 halberd!
You closely miss the wight.
The wight hits you with a +0 quarterstaff.
The wight closely misses you.
Cornered, the gnoll turns to fight!
Cornered, the gnoll turns to fight!
You barely miss the wight.
The wight hits you from afar with a +0 halberd.
* * * LOW HITPOINT WARNING * * *
The wight barely misses you.
Aiming: Corrosive Bolt
Press: ? - help, Q - select action, (/) - cycle Shift-Dir - straight line, f - gnoll, p - gnoll
Aim: a gnoll, wielding a +0 club (75% to hit)
The bolt of acid hits the wight!
The acid corrodes the wight!
The wight is heavily damaged.
The bolt of acid hits the gnoll!
The acid corrodes the gnoll!
You kill the gnoll!
Trog accepts your kill.
The bolt of acid hits the gnoll!
The gnoll is almost dead.
The wight hits you with a +0 quarterstaff.
* * * LOW HITPOINT WARNING * * *
The wight hits you from afar with a +0 halberd.
You die...

#..........##
#..........#
#..........#
#.....###### .
####'###...#
..##.....##...#
..............######
.............z...gg##..
..##........@.z.)g.z...
. #[.....####^####z.g.
#......# ..... .
.........#.......#
..........#.......#
..........#..._...^.
####......#.......#..
#......#.......#..


You could see 4 wights and 3 gnolls.

Vanquished Creatures
  2 orc priests (D:3)
  2 orc wizards (D:3)
  5 adders
  A gnoll (D:4)
  A worm (D:3)
  2 dart slugs (D:3)
  7 orcs (D:3)
  7 ball pythons
  4 endoplasms
  5 giant cockroaches
  5 hobgoblins
  3 quokkas
  3 bats
  3 frilled lizards (D:1)
  4 goblins
  6 kobolds
  5 rats
65 creatures vanquished.

Vanquished Creatures (others)
  A plant (D:1)
1 creature vanquished.

Grand Total: 66 creatures vanquished

Notes
Turn   | Place    | Note
-------+----------+-------------------------------------------
     0 | D:1      | fingers the Draconian Berserker began the quest for the
                  | Orb.
     0 | D:1      | Reached XP level 1. HP: 19/19 MP: 1/1
   116 | D:1      | Reached XP level 2. HP: 15/26 MP: 2/2
  1487 | D:1      | Found a faded altar of an unknown god.
  1583 | D:2      | Reached XP level 3. HP: 28/33 MP: 3/3
  2709 | D:3      | Reached XP level 4. HP: 25/40 MP: 1/4
  3116 | D:3      | Found a bloodstained altar of Trog.
  3234 | D:3      | Found a blossoming altar of Fedhas.
  3338 | D:3      | Reached skill level 1 in Stealth
  3338 | D:3      | Reached XP level 5. HP: 17/46 MP: 2/5
  3341 | D:3      | Reached ** piety under Trog
  5036 | D:4      | Found a radiant altar of Vehumet.
  5046 | D:4      | Slain by a wight

Illustrated notes

Levels and vault maps discovered:
D:1:      tarquinn_simple_flora_water_f, layout_basic,
          shapermc_ecumenical_altar_acropolis, minmay_pentomino_w4
D:2:      layout_loops_ring
D:3:      layout_basic, mainiacjoe_overflow_chevrons,
          mainiacjoe_overflow_catwalk, kennysheep_orc_chapel
D:4:      minmay_general_purpose_star, layout_gridville, lemuel_tele_altar,
          tgw_xom, minmay_vboxes

Skill      XL: |  1  2  3  4 |
---------------+-------------+-----
Dodging        | 3 |  3.8
Fighting       | 4 |  4.2
Maces & Flails | 4 |  4.7
Stealth        | 1 |  1.3

Action                   |  1- 3 |  4- 6 || total
-------------------------+-------+-------++-------
Melee: Mace              |   130 |    68 ||   198
       Tailslap          |    13 |     5 ||    18
       Morningstar       |       |     3 ||     3
Invok: Berserk           |     2 |     2 ||     4
Evoke: Wand              |       |     1 ||     1
  Use: Scroll            |     1 |     1 ||     2
Armor: Skin              |    65 |    15 ||    80
Dodge: Dodged            |   138 |    60 ||   198

Table legend: (Time is in decaauts)
 A = Elapsed time spent in this place.
 B = Non-inter-level travel time spent in this place.
 C = Inter-level travel time spent in this place.
 D = Time resting spent in this place.
 E = Time spent auto-exploring this place.
 F = Levels seen in this place.
 G = Mean time per level.
                   A        B        C        D        E       F      G
               +--------+--------+--------+--------+--------+-----+--------+
         Total |   5114 |   5064 |     50 |   2247 |   1821 |   4 | 1278.5 |
       Dungeon |   5114 |   5064 |     50 |   2247 |   1821 |   4 | 1278.5 |
               +--------+--------+--------+--------+--------+-----+--------+

Top non-repeatable levels by time:
     D:3: 2333 daAuts
     D:1: 1575 daAuts
     D:2: 1164 daAuts
     D:4: 41 daAuts
